 Dungeon Crawl Stone Soup version 0.18.1-48-g4cf74bf (webtiles) character file.

1311 raph the Chiller (level 8, -2/57 HPs)
             Began as a Human Ice Elementalist on July 29, 2016.
             Was a Priest of Okawaru.
             Killed by nerve-wracking pain
             ... invoked by Grinder
              (13 damage)
             ... on level 6 of the Dungeon on Aug 23, 2016.
             The game lasted 00:17:08 (6565 turns).

raph the Chiller (Human Ice Elementalist)           Turns: 6565, Time: 00:17:09

Health: -2/57      AC: 13    Str: 10    XL:     8   Next: 89%
Magic:  7/12       EV: 12    Int: 16    God:    Okawaru [***...]
Gold:   226        SH:  5    Dex: 14    Spells: 5 memorised, 3 levels left

rFire  . . .     SeeInvis .     u - +2 whip (venom)
rCold  . . .     Gourm    .     p - +0 leather armour
rNeg   + . .     Faith    .     e - +0 buckler
rPois  .         Spirit   .     n - +0 helmet
rElec  .         Dismiss  .     E - +0 cloak
rCorr  .         Reflect  .     (no gloves)
SustAt .         Harm     .     r - +1 pair of boots
MR     .....                    (no amulet)
Stlth  +++.......               s - ring of positive energy
                                k - ring of stealth

@: icy armour, shrouded, slow, not resistant to hostile enchantments, fairly
stealthy
A: no striking features
a: Heroism, Renounce Religion


You were on level 6 of the Dungeon.
You worshipped Okawaru.
Okawaru was most pleased with you.
You were not hungry.

You visited 1 branch of the dungeon, and saw 6 of its levels.
You also visited: Sewer.

You collected 226 gold pieces.

Inventory:

Hand Weapons
 d - a +0 hand axe
 u - a +2 whip of venom (weapon)
Armour
 a - a +0 robe
 e - a +0 buckler (worn)
 n - a +0 helmet (worn)
 p - a +0 leather armour (worn)
 r - a +1 pair of boots (worn)
 E - a +0 cloak (worn)
Magical Staves
 y - an uncursed staff of wizardry
Jewellery
 k - a ring of stealth (left hand)
 s - a ring of positive energy (right hand)
Wands
 x - a wand of disintegration (18/24)
Scrolls
 o - 2 scrolls of identify
 z - a scroll of magic mapping
Potions
 h - a potion of agility
 j - a potion of ambrosia
 l - a potion of lignification
 t - 2 potions of curing
 v - 3 potions of flight
 w - a potion of heal wounds
 A - 5 potions of brilliance
 B - a potion of invisibility {unknown}
 C - 2 potions of haste
Books
 b - a book of Frost

   Spells                             Type                      Level
   a - Freeze                         Ice                          1
   b - Throw Frost                    Conjuration/Ice              2
   c - Ozocubu's Armour               Charms/Ice                   3
   d - Throw Icicle                   Conjuration/Ice              4
   e - Summon Ice Beast               Ice/Summoning                4
 i - a book of Spatial Translocations

   Spells                             Type                      Level
   a - Apportation                    Translocation                1
   b - Blink                          Translocation                2
   c - Shroud of Golubria             Charms/Translocation         2
   d - Portal Projectile              Translocation                3
   e - Teleport Other                 Translocation                3
   f - Passage of Golubria            Translocation                4
Comestibles
 c - 6 bread rations
 f - 2 slices of pizza
 g - 3 fruits
 m - 6 meat rations
 q - 4 chunks of flesh
 D - a beef jerky


   Skills:
 + Level 2.4 Fighting
 - Level 2.4(3.5) Axes
 * Level 3.7(4.1) Maces & Flails
 + Level 3.2 Dodging
 - Level 2.0 Stealth
 + Level 3.8 Shields
 - Level 3.0 Spellcasting
 - Level 1.0 Conjurations
 + Level 2.6 Charms
 + Level 6.4 Ice Magic


You had 3 spell levels left.
You knew the following spells:

 Your Spells              Type           Power        Failure   Level  Hunger
a - Freeze                Ice            ###.         1%          1    #......
b - Throw Frost           Conj/Ice       ##....       12%         2    ##.....
c - Ozocubu's Armour      Chrm/Ice       ###.....     14%         3    ###....
d - Blink                 Tloc           N/A          43%         2    ##.....
e - Shroud of Golubria    Chrm/Tloc      #.........   24%         2    ##.....


Dungeon Overview and Level Annotations

Branches:
Dungeon (6/15)
 Temple: D:4-7

Altars:
Cheibriados
Okawaru
Qazlal
Trog

Shops:
D:5 =

Annotations:
D:6 Dowan, Grinder


Message History

Grinder is heavily wounded.
Grinder looks more healthy.
Grinder misses you.
You barely miss Grinder.
Grinder is heavily wounded.
You hit Grinder.
Grinder is severely wounded.
Grinder gestures at you. Pain shoots through your body!
* * * LOW HITPOINT WARNING * * *
You hit Grinder.
Grinder is severely wounded.
Grinder barely misses you.
You closely miss Grinder.
Grinder is severely wounded.
Your shroud bends Grinder's attack away!
You closely miss Grinder.
Grinder is severely wounded.
Grinder gestures at you. Pain shoots through your body!
You die...

..#.# #.#.# #
#.#.# #.#.#.#
.#....###.
...#.....
#....# #.#.#
#@#.# # #5#.#
####.##.#.#
..........###
...
............#
#..
.....####.#.#
#.#### [####
#.#.# #.##..
#.#.# #.##.#
#.#.#


You could see Grinder.

Vanquished Creatures
  Duvessa (D:6)
  A sky beast (D:5)
  2 ogres
  A centaur (D:5)
  A big kobold (Sewer)
  Blork the orc (D:6)
  A water moccasin skeleton (D:6)
  A scorpion (D:5)
  2 giant frog skeletons
  3 orc wizards
  7 worker ants
  A hound zombie (D:5)
  13 adders
  5 gnolls
  A howler monkey skeleton (D:5)
  A river rat (Sewer)
  A shadow imp (D:5)
  4 worms
  5 dart slugs
  2 giant geckos
  16 orcs
  8 bats
  5 giant cockroaches
  12 goblins
  11 hobgoblins
  12 jackals
  2 quokkas
  2 ball pythons (D:1)
  A giant gecko skeleton (D:4)
  6 giant newts
  A jackal zombie (D:5)
  8 kobolds
  9 rats
147 creatures vanquished.

Notes
Turn   | Place    | Note
--------------------------------------------------------------
     0 | D:1      | raph the Human Ice Elementalist began the quest for the Orb.
     0 | D:1      | Reached XP level 1. HP: 13/13 MP: 3/3
   146 | D:1      | Reached XP level 2. HP: 18/19 MP: 1/5
   320 | D:1      | Learned a level 2 spell: Throw Frost
   681 | D:1      | Reached XP level 3. HP: 13/24 MP: 1/6
  1289 | D:2      | Reached skill level 4 in Ice Magic
  1749 | D:2      | Learned a level 3 spell: Ozocubu's Armour
  1798 | D:2      | Reached XP level 4. HP: 27/30 MP: 6/8
  2322 | D:2      | Found an iron altar of Okawaru.
  2330 | D:2      | Became a worshipper of Warmaster Okawaru
  2688 | D:3      | Found a glowing drain.
  2722 | D:3      | Reached skill level 1 in Axes
  2722 | D:3      | Reached XP level 5. HP: 9/35 MP: 4/9
  2886 | Sewer    | Entered a sewer
  3062 | Sewer    | Noticed a big kobold
  3075 | Sewer    | Killed a big kobold
  3075 | Sewer    | Reached * piety under Okawaru
  3075 | Sewer    | Reached skill level 5 in Ice Magic
  3075 | Sewer    | Reached XP level 6. HP: 25/41 MP: 0/10
  3165 | Sewer    | Found a white marble altar of Elyvilon.
  4413 | D:3      | Reached skill level 1 in Fighting
  4481 | D:3      | Reached XP level 7. HP: 10/48 MP: 3/11
  4808 | D:4      | Reached skill level 1 in Shields
  4948 | D:4      | Learned a level 2 spell: Blink
  4951 | D:4      | Learned a level 2 spell: Shroud of Golubria
  5123 | D:4      | Reached skill level 1 in Maces & Flails
  5243 | D:5      | Entered Level 5 of the Dungeon
  5251 | D:5      | Reached skill level 6 in Ice Magic
  5284 | D:5      | Reached skill level 1 in Charms
  5301 | D:5      | Reached ** piety under Okawaru
  5429 | D:5      | Found Laediaf's Jewellery Boutique.
  5440 | D:5      | Found a bloodstained altar of Trog.
  5472 | D:5      | Found a snail-covered altar of Cheibriados.
  5524 | D:5      | Reached XP level 8. HP: 54/54 MP: 12/12
  5927 | D:6      | Found a stormy altar of Qazlal.
  5927 | D:6      | Noticed Blork the orc
  5953 | D:6      | Killed Blork the orc
  5986 | D:6      | Noticed Dowan
  5989 | D:6      | Noticed Duvessa
  6006 | D:6      | Killed Duvessa
  6428 | D:6      | Reached *** piety under Okawaru
  6531 | D:6      | Noticed Grinder
  6553 | D:6      | Paralysed by Grinder for 5 turns
  6565 | D:6      | Killed from afar by Grinder

Skill      XL: |  1  2  3  4  5  6  7  8 |
---------------+-------------------------+-----
Ice Magic      | 4 5 6 |  6.4
Spellcasting   | 3 |  3.0
Axes           | 1 2 |  2.4
Fighting       | 1 2 |  2.4
Shields        | 3 |  3.8
Maces & Flails | 2 3 |  3.7
Charms         | 1 2 |  2.6
Dodging        | 3 |  3.2
Stealth        | |  2.0
Conjurations   | |  1.0

Action                   |  1- 3 |  4- 6 |  7- 9 || total
-------------------------+-------+-------+-------++-------
Melee: Hand axe          |    28 |    51 |       ||    79
       Whip              |       |    90 |   183 ||   273
 Cast: Freeze            |    54 |    68 |    39 ||   161
       Throw Frost       |     1 |     6 |       ||     7
       Ozocubu's Armour  |       |    10 |    14 ||    24
       Shroud of Golubri |       |       |     4 ||     4
       Blink             |       |       |     3 ||     3
  Use: Potion            |       |     2 |       ||     2
       Scroll            |       |       |    11 ||    11
 Stab: Sleeping          |       |       |     3 ||     3
  Eat: Chunk             |     3 |    11 |     9 ||    23
Armor: Robe              |     7 |    10 |       ||    17
       Leather armour    |       |    79 |    52 ||   131
       Skin              |       |    10 |       ||    10
Dodge: Dodged            |    53 |   182 |   106 ||   341
Block: Buckler           |       |       |    33 ||    33
